cohdb
Replays
Latest Replays
All Replays
Popular Replays
Top Player Replays
Match Explorer
How It Works
Community
CoH3 Stats
Reddit
Sign in to upload your games and track your stats! →
Sign in with Steam
Match 46572699
Unlisted
Match 46572699
Overview
Messages
Build Orders
End
Panzergrenadier Squad
250 Light Carrier
Panzergrenadier Squad
Selects Armored Support Battlegroup
Construct Light Support Kompanie
Combat Half-tracks
Selects Superior Fire Drills
250 Light Carrier
Construct Mechanized Kompanie
Panzerjäger Mechanized Group
Selects Salvage Kits
8 Rad Armored Car
Vehicle Survival Package
Support Armor Elements
Veteran Squad Leaders
Emergency Repair Kits
Panzerjäger Mechanized Group
Construct Panzerarmee Kommand
Selects Panzer Storm
Panzergrenadier Squad
Flak 36 Anti-tank Gun Team
Selects Flammpanzer III Medium Tank
Panzerjäger Mechanized Group
Armored Reserves
Selects Stuka Anti-tank Loiter
Stuka Anti-tank Loiter
Tiger Heavy Tank
Rapid Advance
Panzer III L Medium Tank
Stuka Anti-tank Loiter
Panzer IV Assault Group
Panzer III L Medium Tank
Stuka Anti-tank Loiter
18-tonne Recovery Half-track
Tungsten Core Ammunition
Panzer III Assault Group
ProxyFox
Personal Iroha Cushion
Esxile
P3prime
0
0
Comments
sign in to comment!
No comments posted yet!